 Dungeon Crawl Stone Soup version 0.23.2-40-g277498a001 (webtiles) character file.

Game seed: 5936828200843129006

66 Gildeon the Digger (level 4, 0/24 HPs)
             Began as a Gargoyle Earth Elementalist on Oct 22, 2019.
             Slain by Natasha (7 damage)
             ... on level 2 of the Dungeon.
             The game lasted 00:07:06 (1241 turns).

Gildeon the Digger (Gargoyle Earth Elementalist)    Turns: 1241, Time: 00:07:07

Health: 0/24       AC:  6    Str: 11    XL:     4   Next: 15%
Magic:  4/8        EV: 12    Int: 17    God:
Gold:   55         SH:  0    Dex: 10    Spells: 2/8 levels left

rFire    . . .     SeeInvis .   f - +0 quarterstaff
rCold    . . .     Gourm    .   (shield currently unavailable)
rNeg     + . .     Faith    .   c - +1 robe
rPois    ∞         Spirit   .   (no helmet)
rElec    +         Reflect  .   (no cloak)
rCorr    .         Harm     .   (no gloves)
MR       .....                  (no boots)
Stlth    ++........             (no amulet)
HPRegen  0.08/turn              (no ring)
MPRegen  0.11/turn              (no ring)

@: slowed, very slow
A: negative energy resistance 1, electricity resistance, unbreathing,
petrification resistance, rot immunity, AC +3
a: no special abilities


You were on level 2 of the Dungeon.
You were hungry.

You visited 1 branch of the dungeon, and saw 2 of its levels.

You collected 55 gold pieces.

Inventory:

Hand Weapons
 f - a +0 quarterstaff (weapon)
Missiles
 b - 7 stones (quivered)
Armour
 c - a +1 robe (worn)
Potions
 e - a potion of agility {unknown}
 i - 2 potions of cancellation
 j - a potion of curing
 l - 2 potions of flight {unknown}
Comestibles
 d - 2 rations


   Skills:
 + Level 2.3 Dodging
 - Level 2.1 Stealth
 + Level 2.8 Spellcasting
 - Level 0.7 Transmutations
 + Level 4.5 Earth Magic


You had 2 spell levels left.
You knew the following spells:

 Your Spells              Type           Power        Failure   Level  Hunger
a - Sandblast             Erth           ###...       2%          1    #......
b - Passwall              Tmut/Erth      ##......     10%         2    ##.....
c - Stone Arrow           Conj/Erth      ##....       22%         3    ###....

Your spell library contained the following spells:

 Spells                   Type           Power        Failure   Level  Hunger
 Petrify                  Tmut/Erth      ##......     52%         4    #####..
 Lee's Rapid Deconstruct  Erth           ###.......   61%         5    ######.


Dungeon Overview and Level Annotations

Branches:
Dungeon (2/15)

Altars:

Annotations:
D:2 Natasha


Innate Abilities, Weirdness & Mutations

You are resistant to torment.
Your stone body is resilient. (AC +3)
You are immune to poison.
You resist negative energy. (rN+)
You are resistant to electric shocks. (rElec)
You can survive without breathing.
You are immune to petrification.
You are immune to rotting.


Message History

Confirm with . or Enter, or press ? or * to list all spells.
Aiming: Sandblast (safe; 2% risk of failure)
Press: ? - help, Shift-Dir - straight line, f/p - Natasha
Aim: Natasha (moderately wounded)
The blast of sand hits Natasha!
Natasha is almost dead.
b - 8 stones Natasha claws you.
* * * LOW HITPOINT WARNING * * *
Natasha stares at you and mumbles some strange words.
You resist with some effort.
Casting: Sandblast (safe; 2% risk of failure)
Confirm with . or Enter, or press ? or * to list all spells.
Aiming: Sandblast (safe; 2% risk of failure)
Press: ? - help, Shift-Dir - straight line, f/p - Natasha
Aim: Natasha (almost dead)
The blast of sand misses Natasha.
b - 7 stones Natasha claws you!
You die...

...##.#.....# #........
............####.....!.#
#..............#.......#
#..............#.......#
#.....#.###....#.......#
#....<#.# ######.......#
#.....#.# ##'####...
#.....#.# #.h.#
#.....#.## #.@.#
#.....#..# #...#########
########.# #...#.......#
#.## #...#.......# #..#
##.##.......# ##.##
#.##.......## #..#
#.##.....(....
###.#####.##.......###
#.....................


You could see Natasha.

Vanquished Creatures
  3 adders (D:2)
  An ooze (D:2)
  A worm (D:2)
  A dart slug (D:1)
  5 bats (D:1)
  4 giant cockroaches (D:1)
  2 goblins
  4 hobgoblins
  2 jackals (D:1)
  2 frilled lizards
  2 kobolds (D:1)
  4 rats
31 creatures vanquished.

Notes
Turn   | Place    | Note
-------+----------+-------------------------------------------
     0 | D:1      | Gildeon the Gargoyle Earth Elementalist began the quest for
                  | the Orb.
     0 | D:1      | Reached XP level 1. HP: 10/10 MP: 3/3
   260 | D:1      | Reached XP level 2. HP: 15/15 MP: 0/5
   314 | D:1      | Learned a level 2 spell: Passwall
   489 | D:1      | Reached skill level 4 in Earth Magic
   736 | D:1      | Reached XP level 3. HP: 17/19 MP: 2/6
   741 | D:1      | Learned a level 3 spell: Stone Arrow
  1098 | D:2      | Reached XP level 4. HP: 24/24 MP: 5/8
  1230 | D:2      | Noticed Natasha
  1241 | D:2      | Slain by Natasha

Skill      XL: |  1  2 |
---------------+-------+-----
Earth Magic    | 4 |  4.5
Dodging        | 2 |  2.3
Stealth        | |  2.1
Spellcasting   | |  2.8
Transmutations | |  0.7

Action                   |  1- 3 |  4- 6 || total
-------------------------+-------+-------++-------
Melee: Hand axe          |     3 |       ||     3
       Whip              |    11 |       ||    11
       Club              |     2 |       ||     2
       Quarterstaff      |       |     2 ||     2
 Cast: Sandblast         |    44 |     7 ||    51
  Use: Scroll            |     5 |       ||     5
 Stab: Sleeping          |     1 |     1 ||     2
  Eat: Chunk             |     1 |       ||     1
Armor: Robe              |    14 |       ||    14
Dodge: Dodged            |    26 |     1 ||    27
